Unix NetHack Version 3.7.0-73 Work-in-progress - last build Feb 17 2023 02:16:44 (48fe2e8c4a70f1d2d5b622443eb9b5bc1b8d05f7,branch:master). Game began 2023-02-14 08:13:05, ended 2023-02-27 19:00:19. spontiff, neutral male gnomish Healer ------- -------- |....^| }....[.| |.---.| }|.---)| |.|...| }.*|...| |.|...| | |}|.|---| |.|...|}------ ------+------ ---------------}|.|...| |.|.-.|}}}}}}| |...........+ |........|}}}}}}|.|.|.| |.|.|.......}| |...........| |........|}.........|.| |...--%.....}|------ ---|...........|----------|........|}.....|.--|.| |.|...........^..^. .^.............-..........-....{...............^| |...|.......}|------ ---|...........|----------|........|}.....-.---.| |.|.|.......}| |...........| |........|}.......)...| |.---.E}}}}}}| |............... |........|}}}}}}-..--.| |....^|}------ ------.---------- ---------------}|)..|.| |.--..| | |}|[|.|.| |.....| }..|.|.| |.---.| }|.---.| |.....| }..<..*| ------- -------- Spontiff the Empiric St:18/01 Dx:14 Co:17 In:12 Wi:18 Ch:18 Neutral S:10400 Dlvl:28 $:1122 HP:0(104) Pw:2(95) AC:-19 Xp:4/159 T:70079 Latest messages: The yeti turns to flee. The yeti misses! The yeti misses! The yeti misses! The air elemental turns to flee. Something is written here in the dust. You read: "? n". The ettin zombie misses! The ettin zombie misses! Karnov's ghost swings wildly and misses! The nurse hits the ettin zombie. You hear some noises. It knocks the nurse back with a forceful blow! The scorpion hits! The scorpion hits! The scorpion misses! The air elemental lunges forward and recoils! The air elemental misses! The air elemental just misses! The air elemental engulfs you! You are pummeled with debris! You are pummeled with debris! What do you want to use or apply? [ceikos-uwxzCDMNSVXZ or ?*] s In what direction? l Status of the air elemental (neutral): Level 12 HP 7(48) AC 2, engulfing you. You are empty handed. What do you want to use or apply? [ceikos-uwxzCDMNSVXZ or ?*] c Nothing happens. You are pummeled with debris! You are pummeled with debris! You are pummeled with debris! What do you want to use or apply? [ceikos-uwxzCDMNSVXZ or ?*] c Nothing happens. You are pummeled with debris! What do you want to use or apply? [ceikos-uwxzCDMNSVXZ or ?*] c Nothing happens. You are pummeled with debris! You are pummeled with debris! What do you want to use or apply? [ceikos-uwxzCDMNSVXZ or ?*] c Nothing happens. You are pummeled with debris! You are pummeled with debris! You are pummeled with debris! What do you want to use or apply? [ceikos-uwxzCDMNSVXZ or ?*] c Nothing happens. You are pummeled with debris! You are pummeled with debris! You die... Do you want your possessions identified? [ynq] (y) y Do you want to see the dungeon overview? [ynq] (y) y Inventory: Coins $ - 1122 gold pieces Armor h - an uncursed +0 elven leather helm (being worn) g - an uncursed +1 pair of leather gloves (being worn) v - an uncursed fireproof +0 pair of elven boots (being worn) j - a cursed -1 pair of elven boots r - a blessed +1 small shield (being worn) q - an uncursed +0 cloak of magic resistance (being worn) H - an uncursed +0 elven cloak W - a blessed +1 mummy wrapping Q - an uncursed +0 robe d - a blessed +2 silver dragon scale mail (being worn) Comestibles n - 6 uncursed food rations p - 5 uncursed tripe rations Scrolls f - an uncursed scroll of enchant armor y - a blessed scroll of food detection Potions Y - an uncursed potion of water Rings K - an uncursed ring of conflict R - an uncursed ring of free action (on right hand) T - an uncursed ring of poison resistance F - an uncursed ring of protection from shape changers B - an uncursed ring of regeneration (on left hand) L - an uncursed ring of slow digestion O - an uncursed ring of teleport control P - an uncursed ring of teleportation Wands C - an uncursed wand of cold (0:3) D - an uncursed wand of digging (0:0) V - an uncursed wand of digging (0:0) X - an uncursed wand of digging (0:0) M - an uncursed wand of magic missile (0:5) i - an uncursed wand of make invisible (0:1) S - an uncursed wand of sleep (0:4) u - an uncursed wand of sleep (0:0) N - an uncursed wand of striking (0:1) Tools z - an uncursed leash o - an uncursed magic whistle w - an uncursed mirror x - an uncursed oil lamp e - an uncursed +0 pick-axe k - an uncursed skeleton key s - an uncursed stethoscope t - an uncursed towel named Need Di StTC c - a blessed +0 unicorn horn Z - an uncursed +0 unicorn horn Gems/Stones b - 3 uncursed amber stones E - 4 uncursed emeralds m - 4 uncursed garnet stones U - 3 uncursed worthless pieces of blue glass J - an uncursed worthless piece of green glass G - 4 uncursed worthless pieces of violet glass I - 3 uncursed worthless pieces of white glass a - 2 uncursed worthless pieces of yellowish brown glass l - a blessed luckstone Spontiff the Healer's attributes: Background: You were an Empiric, a level 4 male gnomish Healer. You were neutral, on a mission for Hermes who was opposed by Athena (lawful) and Poseidon (chaotic). You were in the Dungeons of Doom, on level 28. You entered the dungeon 70079 turns ago. You had 159 experience points, 1 more was needed to attain level 5. Your score was 10400 before end-of-game adjustments. Basics: You had 0 out of 104 hit points. You had 2 out of 95 energy points (spell power). Your armor class was -19. Your wallet contained 1122 zorkmids. Autopickup was on for '$!/="?' plus thrown, with exceptions. Final Characteristics: Your strength was 18/01 (peak:18/02, limit:18/50). Your dexterity was 14 (limit:18). Your constitution was 17 (peak:18, limit:18). Your intelligence was 12 (limit:19). Your wisdom was 18 (limit:18). Your charisma was 18 (limit:18). Final Status: You were engulfed by an air elemental. You were not hungry. You were unencumbered. You were empty handed. You were unskilled in bare handed combat. Final Attributes: You were piously aligned. You were magic-protected. You were fire resistant. You were cold resistant. You were sleep resistant. You were shock resistant. You were poison resistant. You saw invisible. You were telepathic. You had infravision. You were invisible to others. You were stealthy. You regenerated. You had a large defense bonus (+11). You were warded. You were fast. You had reflection. You had free action. You were very lucky. You had extra luck. Good luck did not time out for you. You are dead (2nd time!). Miscellaneous: You never encountered a bones level. Total elapsed playing time was 23 hours, 48 minutes and 36 seconds. Major events: Turn 1: spontiff the neutral male gnomish Healer entered the dungeon 2414: entered the Gnomish Mines 4548: reached Mine Town 5617: made his first wish - "blessed +2 silver dragon scale mail", got "a silver dragon scale mail" 12649: acquired the Mines' End luckstone 17597: entered Sokoban 18594: completed 1st Sokoban level 19288: completed 2nd Sokoban level 19903: completed 3rd Sokoban level 25036: completed 4th Sokoban level 26870: acquired the Sokoban amulet of reflection 30019: killed the Oracle 33739: attained the rank of Empiric (level 3) 44087: was bestowed with Mjollnir by Hermes 48281: stole 1 zorkmid worth of merchandise from Raciborz's liquor emporium 68994: entered Gehennom 69734: averted death (killed by an air elemental) 70079: killed by an air elemental Vanquished creatures: a baluchitherium a demilich 3 titanotheres a baby black dragon a baby green dragon a vampire leader 3 shopkeepers the Oracle 2 aligned clerics 3 liches 2 water trolls 3 nurses a lurker above an ettin 2 golden nagas 3 vampires a watch captain 5 ghosts a winged gargoyle a giant mimic 3 long worms 3 zruties a fire giant 3 ogre tyrants 2 ice trolls 4 rock trolls 2 elven monarchs 2 doppelgangers 3 large mimics 2 wumpuses 4 stalkers an air elemental a water elemental a hill giant 2 black nagas 2 xorns 4 giant zombies 5 elf-nobles a sergeant 9 wargs 4 winter wolves 9 small mimics a glass piercer 3 warhorses 2 xans an ettin mummy an ogre leader 4 quantum mechanics 8 trolls a sasquatch a gelatinous cube 2 pyrolisks 6 large dogs 3 freezing spheres 3 large cats 2 tigers 2 gargoyles 2 dwarf rulers 5 tengu an ochre jelly 6 leocrottas an energy vortex 7 mountain centaurs 5 stone giants an elf mummy a human mummy 4 pythons a pit viper 2 wraiths a carnivorous ape 3 ettin zombies 4 leather golems 3 Grey-elves 12 soldiers 4 watchmen 2 amorous demons 3 chameleons 2 giant beetles 2 quivering blobs 14 wolves 6 winter wolf cubs 2 lynxes a panther 4 gremlins 2 spotted jellies 12 leprechauns 3 orc-captains an iron piercer 2 mumakil 5 giant spiders 2 scorpions 5 horses 2 ice vortices 6 black lights 5 vampire bats a forest centaur 9 gnome rulers 4 orc mummies 3 dwarf mummies 2 ogres 2 brown puddings 5 rust monsters 10 owlbears 3 yetis 2 gold golems 3 werewolves 3 Green-elves 11 lizards 8 dingoes 7 dogs a housecat 5 jaguars 8 dwarf leaders 3 blue jellies 4 white unicorns 7 black unicorns 3 dust vortices 8 ravens 3 plains centaurs 8 gnome mummies 8 snakes 8 apes 13 human zombies 2 rope golems 14 Woodland-elves 5 soldier ants 9 fire ants 29 bugbears 4 imps 4 quasits 8 wood nymphs 8 water nymphs 4 mountain nymphs 12 Mordor orcs 14 Uruk-hai 2 orc shamans 12 rock piercers 9 rock moles 10 ponies 8 fog clouds 19 yellow lights 10 shriekers 8 violet fungi 12 gnome leaders 9 gnomish wizards 2 Kop Lieutenants 5 kobold mummies 2 red naga hatchlings a black naga hatchling a golden naga hatchling 9 gray oozes a barrow wight 12 elf zombies 5 ghouls 4 straw golems 2 paper golems a baby crocodile 26 giant ants 3 little dogs 24 floating eyes 8 kittens 35 dwarves 9 homunculi 6 kobold leaders 7 kobold shamans 23 hill orcs 35 rothes 5 rabid rats 2 centipedes 12 giant bats 5 Kop Sergeants 8 monkeys 13 orc zombies 15 dwarf zombies a wererat 6 werejackals 28 iguanas 2 killer bees 16 acid blobs 12 coyotes 8 gas spores 21 hobbits 8 manes 11 large kobolds 40 hobgoblins 24 giant rats 13 cave spiders 4 brown molds 11 yellow molds 7 green molds 6 red molds 24 gnomes 17 Keystone Kops 18 garter snakes 13 gnome zombies 28 geckos 42 jackals 6 foxes 12 kobolds 19 goblins 11 sewer rats 35 grid bugs 8 bats 23 lichens 10 kobold zombies 31 newts 1449 creatures vanquished. No species were genocided or became extinct. Voluntary challenges: You were a pacifist. You read items or engraved 64 times. You engraved Elbereth 19 times. You never genocided any monsters. You never changed form. You used 1 wish. You did not wish for any artifacts. You did not violate any of the special Sokoban rules. Achievements: You entered a shop. You entered the Gnomish Mines. You entered Minetown. You entered a temple. You completed the Gnomish Mines. You entered Sokoban. You completed Sokoban. You attained the rank of Empiric. You entered Gehennom. The Dungeons of Doom: levels 1 to 28 Level 1: Level 2: An untended shop, a sink. Level 3: "Stashlet" A delicatessen. Stairs down to The Gnomish Mines. Level 4: Level 5: A fountain. Level 6: A fountain. Level 7: A fountain. Level 8: Level 9: Many fountains. Oracle of Delphi. Level 10: A sink. Stairs up to Sokoban, level 9. Level 11: A fountain, a sink. Level 12: Level 13: Level 14: "statues, come back once c geno'd" Many graves. Level 15: Level 16: Summoned by Hippocrates. Portal to The Quest. Level 17: "Stash" Many altars, a sink. Level 18: A primitive area. Level 19: Level 20: An altar. Level 21: Level 22: Level 23: An untended shop. Level 24: An altar to Hermes. Level 25: Level 26: A grave. Level 27: "Medusa" Level 28: "MEDUSA ABOVE" <- You were here. A fountain. The castle. Connection to Gehennom. Final resting place for you, killed by an air elemental. Gehennom: Level 29: The Gnomish Mines: levels 4 to 12 Level 4: Level 5: Level 6: Level 7: Many shops, a temple. Level 8: Level 9: "magic trap" Level 10: "magic trap" Level 11: Level 12: The Quest: Level 1: Home. Sokoban: levels 9 up to 6 Level 6: "More unicorns here" Solved. Level 7: Solved. Level 8: Solved. Level 9: Solved. Game over: ---------- / \ / REST \ / IN \ / PEACE \ / \ | spontiff | | 1122 Au | | killed by an air | | elemental | | | | | | 2023 | *| * * * | * _________)/\\_//(\/(/\)/\//\/|_)_______ Goodbye spontiff the Healer... You died in The Dungeons of Doom on dungeon level 28 with 10400 points, and 1122 pieces of gold, after 70079 moves. You were level 4 with a maximum of 104 hit points when you died.